 Dungeon Sprint DCSS version 0.26.0-91-g99b343417d (webtiles) character file.

Game seed: 11709122358714759741

68 Groucho the Protected (level 8, 0/82 HPs)
             Began as a Minotaur Fighter on Feb 3, 2021.
             Was a High Priest of Makhleb.
             Slain by a hell hound (5 damage)
             ... in the Dungeon (Sprint VI: "Thunderdome").
             The game lasted 00:06:17 (708 turns).

Groucho the Protected (Minotaur Fighter)             Turns: 708, Time: 00:06:18

Health: 0/82       AC:  9    Str: 22    XL:     8   Next: 48%
Magic:  12/12      EV:  9    Int:  5    God:    Makhleb [*****.]
Gold:   300        SH: 12    Dex: 11    Spells: 7/7 levels left

rFire    . . .     SeeInvis .   a - +0 war axe
rCold    . . .     Faith    .   c - +0 kite shield
rNeg     . . .     Spirit   .   b - +0 scale mail
rPois    .         Reflect  .   (helmet restricted)
rElec    .         Harm     .   (no cloak)
rCorr    .         Rampage  .   (no gloves)
Will     .....     NoTele   +   (no boots)
Stlth    ..........             (no amulet)
HPRegen  0.23/turn              (no ring)
MPRegen  0.13/turn              (no ring)

@: no status effects
A: retaliatory headbutt, horns 2
a: Renounce Religion, Minor Destruction, Lesser Servant of Makhleb, Major
Destruction, Greater Servant of Makhleb


You were in the Dungeon.
You worshipped Makhleb.
Makhleb was extremely pleased with you.
You visited 1 branch You collected 300 gold pieces.

Inventory:

Hand Weapons
 a - a +0 war axe (weapon)
Armour
 b - a +0 scale mail (worn)
 c - a +0 kite shield (worn)
Wands
 k - a wand of acid (5)
 l - a wand of iceblast (3)
Scrolls
 j - 4 scrolls of blinking
 m - 3 scrolls of fog
Potions
 d - a potion of might
 g - 4 potions of haste
 h - 2 potions of magic
 n - a potion of resistance


   Skills:
 + Level 11.0 Fighting
 + Level 10.2 Axes
 + Level 11.2 Armour
 - Level 0.8 Dodging
 + Level 11.0 Shields
 + Level 7.5 Invocations


You had 7 spell levels left.
You didn't know any spells.
Your spell library was empty.

Dungeon Overview and Level Annotations

Branches:
Dungeon (1/1)

Altars:
Cheibriados
Dithmenos
Fedhas
Gozag
Kikubaaqudgha
Makhleb
Okawaru
Qazlal
Ru
Sif Muna
Trog
Uskayaw
Vehumet
Wu Jian
Xom
Yredelemnul
Zin
The Shining One
Beogh
Jiyva
Lugonu

Shops:
D *[??*?*:[((!!!!


Innate Abilities, Weirdness & Mutations

You reflexively headbutt those who attack you in melee.
You have a pair of horns on your head.


Message History

* * * LOW HITPOINT WARNING * * *
The hell hound misses you.
You slice the hell hound!! Your headbutt misses the hell hound.
The hell hound is almost dead.
The hell hound breathes flames at you. The blast of flame hits you!
* * * LOW HITPOINT WARNING * * *
You hit the hell hound.
You kill the hell hound!
Makhleb accepts your kill.
You feel better.
Your Fighting skill increases to level 11!
Your Shields skill increases to level 11!
The hell hound barely misses you. You furiously retaliate!
You headbutt the hell hound! The hell hound breathes flames at you.
The blast of flame hits you!
* * * LOW HITPOINT WARNING * * *
The hell hound bites you.
You die...

##.............###.............##
#⌠..........###...###..........⌠#
#⌠..........# #.<.# #..........⌠#
#⌠.....h....###.†.###.......÷..⌠#
##.............###.............##
###∩........8h# #.8........∩###
##∩__.÷.....###......_..∩##
######.8....h....8.######
#⌠.....@.....⌠# ###.........###
#_......._# #_......._#
#_......._# #∩.......∩#
##∩.....∩## ##.....## ##⌠⌠⌠##


You could see 2 hell hounds.

Vanquished Creatures
  3 fire elementals (D)
  3 fire bats (D)
  2 hell hounds (D)
  Purgy (D)
  2 wolves (D)
  A crimson imp (D)
  4 iron imps (D)
  A hell rat (D)
  A river rat (D)
  An ufetubus (D)
  2 quokkas (D)
21 creatures vanquished.

Notes
Turn   | Place    | Note
-------+----------+-------------------------------------------
     0 | D        | Groucho the Minotaur Fighter began the quest for the Orb.
     0 | D        | Reached XP level 1. HP: 19/19 MP: 0/0
     1 | D        | Found a basalt altar of Yredelemnul.
     2 | D        | Found a radiant altar of Vehumet.
     2 | D        | Found a shimmering blue altar of Sif Muna.
     3 | D        | Found a corrupted altar of Lugonu.
     3 | D        | Found a roughly hewn altar of Beogh.
     4 | D        | Found Dian's Identification Station.
     4 | D        | Found an opulent altar of Gozag.
     4 | D        | Found a burning altar of Makhleb.
     5 | D        | Found Vounudug's Advanced Armour.
     5 | D        | Found Muolin's Jewellery.
     5 | D        | Round 1.
     7 | D        | Found a viscous altar of Jiyva.
    11 | D        | Became a worshipper of Makhleb the Destroyer
    18 | D        | Found a blossoming altar of Fedhas.
    19 | D        | Found Fidghow's Premium Goods.
    20 | D        | Found Hoaprip's Miscellaneous Merchandise.
    20 | D        | Found Sikedghast's Basic Armour.
    21 | D        | Found a shadowy altar of Dithmenos.
    21 | D        | Found a shimmering altar of Xom.
    21 | D        | Found a bloodstained altar of Trog.
    21 | D        | Found Byrre's Weapon Rack.
    25 | D        | Found a glowing golden altar of the Shining One.
    28 | D        | Found Ybbobaic's Do-It-Yourself Clinic.
    29 | D        | Found Qorhat's Bottled Wisdom.
    29 | D        | Found Doymily's Distillery.
    29 | D        | Found a stormy altar of Qazlal.
    29 | D        | Found an ornate altar of the Wu Jian Council.
    29 | D        | Found a hide-covered altar of Uskayaw.
    29 | D        | Found Etimilin's Distillery.
    33 | D        | Found an iron altar of Okawaru.
    37 | D        | Found an ancient bone altar of Kikubaaqudgha.
    38 | D        | Found a snail-covered altar of Cheibriados.
    38 | D        | Found Atuir's Staff Store.
    40 | D        | Found a glowing silver altar of Zin.
    40 | D        | Found a sacrificial altar of Ru.
    40 | D        | Found Asuops's Magic Scroll Shop.
    40 | D        | Found Iqoof's Must-Have Magic.
    40 | D        | Found Bueredio's Magic Scroll Shop.
    42 | D        | Noticed an iron imp
    44 | D        | Noticed an iron imp
    51 | D        | Killed an iron imp
    52 | D        | Reached skill level 5 in Fighting
    52 | D        | Reached skill level 5 in Armour
    52 | D        | Reached skill level 5 in Shields
    52 | D        | Reached XP level 2. HP: 24/29 MP: 1/1
    52 | D        | Reached XP level 3. HP: 29/36 MP: 2/2
    54 | D        | Reached * piety under Makhleb
    67 | D        | Reached XP level 4. HP: 34/45 MP: 3/3
   114 | D        | Reached ** piety under Makhleb
   115 | D        | Reached skill level 5 in Axes
   115 | D        | Reached skill level 1 in Invocations
   157 | D        | Arena points: 14 (+14) [x2]
   158 | D        | Reached XP level 5. HP: 52/52 MP: 5/5
   193 | D        | Round 2.
   198 | D        | Noticed Purgy
   210 | D        | Killed Purgy
   266 | D        | Reached *** piety under Makhleb
   318 | D        | Reached XP level 6. HP: 49/61 MP: 7/7
   371 | D        | Arena points: 26 (+12) [x1]
   386 | D        | Round 3.
   393 | D        | Noticed a fire bat
   411 | D        | Killed a fire bat
   443 | D        | Noticed a fire bat
   448 | D        | Killed a fire bat
   448 | D        | Reached **** piety under Makhleb
   449 | D        | Reached skill level 5 in Invocations
   449 | D        | Reached XP level 7. HP: 69/70 MP: 8/10
   499 | D        | Noticed a fire elemental
   510 | D        | Killed a fire elemental
   511 | D        | Reached skill level 10 in Armour
   513 | D        | Noticed a fire elemental
   518 | D        | Killed a fire elemental
   519 | D        | Reached skill level 10 in Fighting
   519 | D        | Reached skill level 10 in Shields
   530 | D        | Noticed a fire bat
   538 | D        | Noticed a fire elemental
   546 | D        | Killed a fire bat
   548 | D        | Killed a fire elemental
   548 | D        | Reached ***** piety under Makhleb
   548 | D        | Arena points: 68 (+42) [x2]
   549 | D        | Reached XP level 8. HP: 12/80 MP: 10/12
   569 | D        | Round 4.
   654 | D        | Reached skill level 10 in Axes
   708 | D        | Slain by a hell hound

Illustrated notes

Levels and vault maps discovered:
D:        arena_sprint

Skill      XL: |  1  2  3  4  5  6  7  8 |
---------------+-------------------------+-----
Fighting       | 5 6 7 8 9 10 11 | 11.0
Armour         | 5 6 7 8 9 10 11 | 11.2
Shields        | 5 6 7 8 9 10 11 | 11.0
Axes           | 3 4 5 6 8 9 10 | 10.2
Invocations    | 2 3 5 6 7 |  7.5
Dodging        | |  0.8

Action                   |  1- 3 |  4- 6 |  7- 9 || total
-------------------------+-------+-------+-------++-------
Melee: War axe           |    11 |    33 |    44 ||    88
       Headbutt          |     1 |     7 |    10 ||    18
Evoke: Wand              |       |       |     2 ||     2
  Use: Potion            |       |     1 |     5 ||     6
Armor: Scale mail        |     1 |    19 |    12 ||    32
Dodge: Dodged            |     2 |    13 |    20 ||    35
Block: Kite shield       |     6 |    24 |    27 ||    57
